Fanconnil, neutral male human Barbarian ---- --..--- ---- ---|.....| --..| |..|.....--- |...-- --..........-- - --...| ---...-.---....| . |.<.| --.......| --...| | -.-- ---..-- --....^.--- ----- --. |... |..).| |........| ..-- -- --..--.--.| --......-| ... --.-- |......||^| |.......-- --..--....-- --..----|.| ---)......----- |..........| |... |.| |.%.(.........---- -.........--- --. |.| ---................| --..........| |. --.| |.......---........-- --.T.-- -- - -- |..---%--..--- ---.--....| |@..| |......|..-- -----..-- |..-- --------..| |..| ---- |...| ---- --.-- --- Fanconnil the Bandit Experience level: 6 Strength: 18/01 Dexterity: 17 Constitution: 19 Intelligence: 7 Wisdom: 7 Charisma: 6 Health: 0(74) Energy: 15(15) Def: 9 Gold: 149 Moves: 3629 Dungeon seed: hVcZJt04_WCQjC9A Game ID: Fanconnil_1445003997 Your Inventory: Coins $ - 149 gold pieces Amulets d - an uncursed amulet of change Weapons a - a +0 battle-axe (weapon in hands) g - a +0 orcish dagger o - a +0 bow A - a blessed +0 crossbow B - 7 cursed -1 crossbow bolts C - 6 +0 crossbow bolts F - a cursed -1 dart X - a +0 dwarvish short sword Armor n - a blessed +1 orcish helm z - an uncursed +0 dwarvish cloak (being worn) Q - an uncursed +0 dwarvish iron helm (being worn) R - an uncursed -1 dwarvish mithril-coat (being worn) S - an uncursed +0 dwarvish roundshield Y - an uncursed +0 pair of iron shoes (being worn) Comestibles c - an uncursed food ration f - an uncursed banana Scrolls k - 2 uncursed scrolls of enchant weapon m - an uncursed scroll of magic mapping U - an uncursed scroll of destroy armor V - an uncursed scroll of water Potions b - an uncursed potion of fruit juice i - an uncursed potion of healing j - an uncursed potion of full healing v - a blessed potion of full healing M - an uncursed potion of gain ability Rings q - an uncursed ring of polymorph control (on left hand) Wands h - a wand of polymorph (0:2) I - a wand of light (0:13) Tools l - an uncursed bag of holding w - 5 uncursed wax candles (0:400) D - 2 uncursed tallow candles (0:200) E - an uncursed tin opener Gems y - an uncursed opal N - an uncursed worthless piece of yellow glass T - 3 uncursed worthless pieces of red glass Spells and supernatural/magical abilities: Name Level Category Fail Memory W - pray for help -- divine ? -- Your skills at the end: Miscellaneous Skills bare handed combat [Basic] Weapon Skills axe [Basic] short sword [Basic] Spellcasting Skills Final Attributes: You were devoutly aligned. You were poison resistant. You saw invisible. You had polymorph control. You are dead. Vanquished creatures: a gnome king a rock mole a gnome lord a gnomish wizard a golden naga hatchling a giant ant a little dog 2 floating eyes 4 dwarves an iguana 2 hill orcs 3 rothes a rabid rat a werejackal 2 coyotes 5 geckos a hobgoblin a giant rat a brown mold a green mold 12 gnomes 7 jackals 2 foxes 2 kobolds 6 newts 3 goblins 2 sewer rats 5 lichens 71 creatures vanquished. Voluntary challenges: You used a wielded weapon 72 times, starting on turn 3. You did not use tools. You read items or engraved 6 times, starting on turn 595. You never genocided any monsters. You never polymorphed an object. You never changed form. You used no wishes. You never split a pudding. You wrote Elbereth's name 1 time, starting on turn 595. You violated your moral code, losing 1 point of alignment, starting on turn 2791. Dungeon overview: The Dungeons of Doom: levels 1 to 3 Level 1 some fountains a long staircase Level 2 a general store, a fountain Level 3 an altar to Crom, a fountain stairs to The Gnomish Mines The Gnomish Mines: levels 4 to 5 Level 4 stairs to The Dungeons of Doom Level 5 <- You were here History has recorded: On T:1 you entered the Dungeons of Doom to retrieve the Amulet of Yendor! On T:241 you advanced to experience level 2. On T:307 you reached level 2 of The Dungeons of Doom. On T:664 you reached level 3 of The Dungeons of Doom. On T:1001 you advanced to experience level 3. On T:1416 you reached level 1 of The Gnomish Mines. On T:1466 you advanced to experience level 4. On T:1568 you advanced to experience level 5. On T:3402 you reached level 2 of The Gnomish Mines. On T:3428 you advanced to experience level 6. Score breakdown: Gold: 149 ( 14 points) Experience: 6 levels ( 500 points) Exploration: 5 levels ( 120 points) Discoveries: 10 items ( 500 points) Variety of kills: 28 monsters ( 1400 points) Major goal: (nothing yet) ( 0 points) Survival: died (score multiplied by 3) Total score: 7602 Latest messages: The ice around the hobbit turns to stone. The rock troll wields a dagger! The rock troll misses. The rock troll bites! You die... The bag of holding is empty. The bag of holding is empty. Final status: Goodbye Fanconnil the Barbarian, killed by a rock troll... You died in The Gnomish Mines on dungeon level 5 with 7602 points, and 149 pieces of gold, after 3629 moves. You were level 6 with a maximum of 74 hit points when you died.